AoeStats
← Sab_Anubis

Arabia

510355162Analyzed
2v2 RM · 1d ago on Sep 30, 2026· 45m 53s· 4 players
Game mode
Random Map
Map size
Medium (4 player)
Population
200
Speed
Normal
Resources
Standard
Victory
Conquest
Starting age
Dark Age
Ending age
Imperial Age
RankedLock teamsTeams togetherTeam positionsShared explorationLock speedFull tech treeHidden civsTurbo modeCheats
Victory
Defeat
🇪🇸 Chinese · Spain
1103
+16
🇪🇸 Huns · Spain
1099
+16
🇷🇺 Maya · Russia
1096
-16
🇷🇺 Lithuanians · Russia
1095
-16
ApiOne
0:28 Loom
11:26 Feudal Age
16:11 Double-Bit Axe
17:03 Fletching
22:50 Castle Age
20:37 Horse Collar
21:37 Scale Mail Armor
22:33 Forging
22:16 Gold Mining
23:52 Bow Saw
23:08 Crossbowman
24:01 Bodkin Arrow
23:57 Pikeman
34:39 Wheelbarrow
35:05 Heavy Plow
36:53 Hand Cart
37:27 Ballistics
39:13 Town Watch
42:02 Imperial Age
39:33 Stone Mining
40:48 Padded Archer Armor
42:49 Murder Holes
Sab_Anubis
11:02 Feudal Age
11:12 Man-at-Arms
15:13 Horse Collar
15:20 Double-Bit Axe
20:35 Loom
23:36 Castle Age
24:28 Squires
27:39 Husbandry
28:01 Elite Skirmisher
31:02 Wheelbarrow
30:13 Town Watch
32:01 Scale Barding Armor
32:07 Forging
33:59 Fletching
34:42 Ballistics
35:54 Pikeman
42:24 Imperial Age
41:07 Bloodlines
41:55 Hill Forts
42:30 Cavalier
42:36 Halberdier
43:53 Conscription
44:19 Scale Mail Armor
45:28 Elite Leitis
46:55 Iron Casting
Hills
0:28 Loom
9:35 Feudal Age
10:57 Double-Bit Axe
13:58 Wheelbarrow
13:09 Town Watch
15:08 Horse Collar
20:39 Castle Age
19:23 Fletching
20:42 Gold Mining
21:09 Scale Barding Armor
21:18 Bloodlines
22:45 Bow Saw
26:54 Forging
28:12 Heavy Plow
28:50 Gold Shaft Mining
30:11 Hand Cart
31:50 Stone Mining
32:29 Chain Barding Armor
34:52 Stone Shaft Mining
35:05 Iron Casting
34:45 Husbandry
38:59 Imperial Age
37:13 Bodkin Arrow
38:53 Padded Archer Armor
40:38 Plate Barding Armor
41:56 Blast Furnace
40:18 Cavalier
Basileus
9:51 Feudal Age
10:31 Double-Bit Axe
11:40 Bloodlines
12:40 Horse Collar
21:03 Castle Age
19:10 Gold Mining
20:03 Forging
19:59 Scale Barding Armor
22:16 Chain Barding Armor
23:41 Husbandry
25:30 Iron Casting
25:15 Loom
30:49 Fletching
31:06 Stone Mining
36:08 Fletching
39:05 Imperial Age
37:52 Wheelbarrow
37:38 Light Cavalry
39:38 Padded Archer Armor
40:19 Parthian Tactics
39:18 Heavy Cavalry Archer
41:21 Conscription
41:01 Bodkin Arrow
42:26 Bow Saw
42:19 Heavy Plow
44:50 Gold Shaft Mining
44:25 Thumb Ring
Connection lost

Rejoining the realm…

Still unreachable

The connection could not be restored.

Session expired

The server has moved on; the page needs a fresh start.